AoeStats
← VaporingCat7235

Four Lakes

510089532Analyzed
1v1 RM · 2d ago on Sep 29, 2026· 33m 8s· 2 players
Game mode
Random Map
Map size
Tiny (2 player)
Population
200
Speed
Normal
Resources
Standard
Victory
Conquest
Starting age
Dark Age
Ending age
Imperial Age
RankedLock teamsTeams togetherTeam positionsShared explorationLock speedFull tech treeHidden civsTurbo modeCheats
Victory
Defeat
🇹🇷 Sicilians · Türkiye
885
+15
🇪🇸 Franks · Spain
857
-41
VaporingCat7235
13:31 Feudal Age
17:22 Wheelbarrow
22:02 Castle Age
21:40 Scale Mail Armor
21:47 Scale Barding Armor
21:54 Forging
22:13 Loom
26:10 Hand Cart
27:43 Double-Bit Axe
27:56 Gold Mining
General G
5:27 Loom
11:23 Feudal Age
12:21 Fishing Lines
13:15 Fishing Lines
14:20 Double-Bit Axe
18:49 Castle Age
18:20 Horse Collar
21:39 Forging
21:23 Gillnets
23:29 Iron Casting
23:14 Fletching
25:33 Wheelbarrow
25:38 Bodkin Arrow
27:07 Bow Saw
27:20 Pikeman
28:46 Hand Cart
30:34 Husbandry
30:45 Bloodlines
29:55 Light Cavalry
30:54 Gold Mining
30:54 Stone Mining
35:45 Imperial Age
Connection lost

Rejoining the realm…

Still unreachable

The connection could not be restored.

Session expired

The server has moved on; the page needs a fresh start.